 Dungeon Crawl Stone Soup version 0.22.1-6-g1668fe2c40 (webtiles) character file.

92 Jakon the Shield-Bearer (level 4, -2/29 HPs)
             Began as a Gargoyle Fighter on Jan 18, 2019.
             Killed from afar by an orc wizard (7 damage)
             ... with a magic dart
             ... on level 3 of the Dungeon.
             The game lasted 00:11:43 (1230 turns).

Jakon the Shield-Bearer (Gargoyle Fighter)          Turns: 1230, Time: 00:11:43

Health: -2/29      AC: 11    Str: 21    XL:     4   Next: 60%
Magic:  4/4        EV:  7    Int:  8    God:
Gold:   38         SH:  9    Dex:  9    Spells: 3/3 levels left

rFire    . . .     SeeInvis .   a - +0 war axe
rCold    . . .     Gourm    .   c - +0 shield
rNeg     + . .     Faith    .   b - +0 scale mail
rPois    ∞         Spirit   .   (no helmet)
rElec    +         Reflect  .   (no cloak)
rCorr    .         Harm     .   k - +0 pair of gloves
MR       .....                  (no boots)
Stlth    ..........             (no amulet)
HPRegen  0.09/turn              (no ring)
MPRegen  0.09/turn              (no ring)

@: no status effects
A: negative energy resistance 1, electricity resistance, unbreathing,
petrification resistance, rot immunity, AC +3
a: no special abilities


You were on level 3 of the Dungeon.
You were not hungry.

You visited 1 branch of the dungeon, and saw 3 of its levels.

You collected 38 gold pieces.

Inventory:

Hand Weapons
 a - a +0 war axe (weapon)
Missiles
 j - 8 poisoned tomahawks (quivered)
 l - 5 needles of sleeping
Armour
 b - a +0 scale mail (worn)
 c - a +0 shield (worn)
 k - a +0 pair of gloves (worn)
Jewellery
 o - an uncursed amulet of the acrobat {unknown}
Scrolls
 e - a scroll of enchant armour {unknown}
 h - a scroll of fog {unknown}
 n - a scroll of immolation {unknown}
Potions
 d - a potion of might
 i - a potion of lignification {unknown}
 m - a potion of magic {unknown}
Comestibles
 f - 5 rations
 g - 3 chunks of flesh


   Skills:
 + Level 4.0 Fighting
 + Level 2.6 Axes
 + Level 3.9 Armour
 + Level 4.1 Shields


You had 3 spell levels left.
You didn't know any spells.
Your spell library was empty.

Dungeon Overview and Level Annotations

Branches:
Dungeon (3/15)

Altars:
Dithmenos
Fedhas
Kikubaaqudgha


Innate Abilities, Weirdness & Mutations

You are resistant to torment.
Your stone body is resilient. (AC +3)
You are immune to poison.
You resist negative energy. (rN+)
You are resistant to electric shocks. (rElec)
You can survive without breathing.
You are immune to petrification.
You are immune to rotting.


Message History

The orc wizard casts a spell.
The orc wizard blinks!
You block the bat's attack. The bat barely misses you.
Found a stone staircase leading up.
You block the bat's attack. The bat hits you but does no damage.
The bat closely misses you. You block the bat's attack.
The bat hits you but does no damage. The bat barely misses you.
You block the bat's attack.
An orc comes into view. It is wielding a flail.
The orc shouts!
You hear an angry hiss.
The bat hits you but does no damage.
The orc wizard hits you but does no damage.
The bat barely misses you.
An adder comes into view.
The orc wizard points at you and mumbles some strange words.
The magic dart hits you!
You die...

#.#.##..# ##.......
##.....## #.......#
#o#.....### ##.
#o#..#....### .
....#####.#o##......##..
..#.....bo)..# ##<...o..
....<..@.oo#.###.$#...o.
..............S.o.o.#...
.....#..#....###..### ..
..#....####.........# #
# ##. ##........# ..
#............... ###
####...........#
...####....... ##.(.
.......


You could see 2 orc wizards, an adder, 3 orcs and a bat.

Vanquished Creatures
  3 gnolls (D:2)
  A worm (D:2)
  2 dart slugs
  8 bats
  2 giant cockroaches
  6 goblins
  8 hobgoblins
  6 jackals (D:1)
  A quokka (D:2)
  A ball python (D:1)
  A frilled lizard (D:1)
  5 kobolds
  8 rats
52 creatures vanquished.

Notes
Turn   | Place    | Note
-------+----------+-------------------------------------------
     0 | D:1      | Jakon the Gargoyle Fighter began the quest for the Orb.
     0 | D:1      | Reached XP level 1. HP: 14/14 MP: 1/1
    53 | D:1      | Reached XP level 2. HP: 19/19 MP: 2/2
   231 | D:1      | Reached XP level 3. HP: 22/23 MP: 3/3
   518 | D:2      | Reached XP level 4. HP: 16/29 MP: 4/4
   810 | D:2      | Found a shadowy altar of Dithmenos.
  1048 | D:2      | Found an ancient bone altar of Kikubaaqudgha.
  1049 | D:2      | Found a blossoming altar of Fedhas.
  1230 | D:3      | Killed from afar by an orc wizard

Skill      XL: |  1  2  3  4 |
---------------+-------------+-----
Axes           | 2 |  2.6
Shields        | 4 |  4.1
Fighting       | 4 |  4.0
Armour         | |  3.9

Action                   |  1- 3 |  4- 6 || total
-------------------------+-------+-------++-------
Melee: War axe           |    89 |    60 ||   149
  Eat: Chunk             |       |     1 ||     1
Armor: Scale mail        |    56 |    88 ||   144
Dodge: Dodged            |    29 |    34 ||    63
Block: Shield            |    48 |    73 ||   121
